 Dungeon Crawl Stone Soup version 0.29-a0-824-gd827844252 (webtiles) character file.

Game seed: 10278965635312690633

1676 kevlar127 the Ruffian (level 8, -4/126 HPs)
             Began as a Troll Berserker on July 9, 2022.
             Was a Priest of Trog.
             Slain by a gnoll
             ... wielding a +0 club
             ... led by a gnoll sergeant
              (7 damage)
             ... on level 5 of the Dungeon.
             The game lasted 00:07:55 (4691 turns).

kevlar127 the Ruffian (Troll Berserker)             Turns: 4691, Time: 00:07:56

Health: -4/126     AC:  5    Str: 34    XL:     8   Next: 70%
Magic:  7/7        EV: 10    Int:  3    God:    Trog [***...]
Gold:   262        SH:  0    Dex:  9    Spells: 7/7 levels left

rFire   + . .      SeeInvis .     - Unarmed
rCold   . . .      Faith    .   (no shield)
rNeg    . . .      Spirit   .   w - +1 robe {rF+}
rPois   .          Reflect  .   (helmet restricted)
rElec   .          Harm     .   (no cloak)
rCorr   .          Rampage  .   (gloves unavailable)
Will    ++...                   (boots unavailable)
Stlth   ..........              (no amulet)
HPRegen 2.11/turn               s - +6 ring of strength
MPRegen 0.10/turn               (no ring)

@: berserking, lethally poisoned (-4 -> -7), strong-willed, regenerating, very
quick
A: large, unfitting armour, claws 3, regeneration 1, shaggy fur 1, tough skin 1
a: Renounce Religion, Berserk, Trog's Hand


You were on level 5 of the Dungeon.
You worshipped Trog.
Trog was most pleased with you.
You visited 1 branch of the dungeon, and saw 5 of its levels.

You collected 262 gold pieces.

Inventory:

Missiles
 c - 42 stones (quivered)
 f - 8 poisoned darts
 v - 5 curare-tipped darts
Armour
 a - a +0 animal skin
 w - a +1 robe of fire resistance (worn)
Jewellery
 s - a +6 ring of strength (left claw)
 x - an amulet of reflection
Scrolls
 b - 7 scrolls of identify {unknown}
 h - a scroll of amnesia {unknown}
 k - 2 scrolls of noise {unknown}
 l - a scroll of enchant weapon {unknown}
 n - 3 scrolls of teleportation {unknown}
 o - 3 scrolls of enchant armour {unknown}
 p - a scroll of poison {unknown}
 r - a scroll of vulnerability {unknown}
 t - a scroll of fear {unknown}
 u - a scroll of fog {unknown}
 y - a scroll of immolation {unknown}
Potions
 d - a potion of resistance {unknown}
 e - 4 potions of heal wounds {unknown}
 g - a potion of attraction {unknown}
 i - 2 potions of curing {unknown}
 j - 2 potions of lignification {unknown}
 m - a potion of mutation {unknown}
 q - 2 potions of might {unknown}


   Skills:
 + Level 6.4 Fighting
 + Level 3.8 Throwing
 - Level 2.6 Dodging
 + Level 7.7 Unarmed Combat


You had 7 spell levels left.
You didn't know any spells.
Your spell library was empty.

Dungeon Overview and Level Annotations

Branches:
Dungeon (5/15)
 Temple: D:4-7

Altars:

Annotations:
D:5 1 runed translucent door, gdog's ghost, weakling GnDe


Innate Abilities, Weirdness & Mutations

You are too large for most types of armour.
You have claws for hands.
Your natural rate of healing is unusually fast.
You are covered in fur. (AC +1)
You have tough skin. (AC +1)


Message History

Unknown command.
Your skin crawls.
You feel strong-willed.
You feel extremely sick.
The gnoll sergeant completely misses you.
You barely miss the gnoll sergeant.
You feel very sick.
The gnoll sergeant hits you with a +2 trident of venom!
* * * LOW HITPOINT WARNING * * *
You are more poisoned.
Unknown command.
A red film seems to cover your vision as you go berserk!
You feel yourself moving faster!
You feel mighty!
You feel extremely sick.
The gnoll sergeant hits you with a +2 trident of venom!
* * * LOW HITPOINT WARNING * * *
Unknown command.
You mangle the gnoll sergeant!!
You kill the gnoll sergeant!
Trog accepts your kill.
You feel very sick.
You feel very sick. The gnoll hits you with a +0 flail.
* * * LOW HITPOINT WARNING * * *
Things that are here:
a +2 trident of venom; a +0 ring mail; a gnoll corpse You scratch the gnoll.
The gnoll is heavily wounded.
* * * LOW HITPOINT WARNING * * *
You feel very sick. The gnoll barely misses you.
You mangle the gnoll!!
You kill the gnoll!
Trog accepts your kill.
* * * LOW HITPOINT WARNING * * *
You feel sick.
* * * LOW HITPOINT WARNING * * *
You feel very sick. The gnoll hits you with a +0 club!
You die...

.........#+#..
#####........ # #
###.##......#
###...####.#..#
##............#
##..##.##.####
##..##.#.#.###
##..##..##...##########.
##.....###....))@g......
##.###.<##...####g######
.........#.### .#
...###.#..... .# ####
#.##.### ## >.##...
#########


You could see 2 gnolls.

Vanquished Creatures
  Prince Ribbit (D:5)
  The ghost of gobodom the Trooper, an amateur DsFi of Wu Jian (D:3)
  The ghost of xian the Conjurer, an amateur OpCj (D:3)
  An ogre (D:5)
  The ghost of zhov the Shooter, an amateur DsHu (D:3)
  3 phantoms
  A gnoll sergeant (D:5)
  2 scorpions
  A hound (D:4)
  An orc priest (D:4)
  Jessica (D:3)
  Natasha (thrice) (D:3)
  2 iguanas
  5 orc wizards
  12 gnolls
  6 adders
  2 dart slugs
  8 orcs
  11 endoplasms
  5 giant cockroaches
  8 goblins
  10 hobgoblins
  3 jackals (D:2)
  4 quokkas
  12 ball pythons
  4 bats
  A frilled lizard (D:2)
  8 kobolds
  5 rats
123 creatures vanquished.

Vanquished Creatures (others)
  3 withered plants (D:3)
3 creatures vanquished.

Grand Total: 126 creatures vanquished

Notes
Turn   | Place    | Note
-------+----------+-------------------------------------------
     0 | D:1      | kevlar127 the Troll Berserker began the quest for the Orb.
     0 | D:1      | Reached XP level 1. HP: 22/22 MP: 0/0
   197 | D:1      | Reached XP level 2. HP: 18/29 MP: 1/1
   992 | D:2      | Reached XP level 3. HP: 31/37 MP: 2/2
  1170 | D:2      | Found a faded altar of an unknown god.
  1243 | D:2      | Reached ** piety under Trog
  1805 | D:3      | Reached XP level 4. HP: 45/45 MP: 3/3
  1858 | D:3      | Reached skill level 4 in Unarmed Combat
  2041 | D:3      | Noticed Jessica
  2046 | D:3      | Killed Jessica
  2047 | D:3      | Reached XP level 5. HP: 54/54 MP: 4/4
  2051 | D:3      | Found a runed translucent gate.
  2052 | D:3      | Found a runed translucent gate.
  2083 | D:3      | Found a runed translucent gate.
  2084 | D:3      | Noticed gobodom's ghost (amateur DsFi)
  2084 | D:3      | Noticed xian's ghost (amateur OpCj)
  2084 | D:3      | Noticed zhov's ghost (amateur DsHu)
  2174 | D:3      | Noticed Natasha
  2178 | D:3      | Killed Natasha
  2250 | D:3      | Noticed Natasha
  2258 | D:3      | Killed Natasha
  2330 | D:3      | Noticed Natasha
  2336 | D:3      | Killed Natasha
  2664 | D:4      | Reached skill level 5 in Unarmed Combat
  2699 | D:4      | Reached XP level 6. HP: 60/62 MP: 5/5
  2730 | D:4      | Identified the +7 long sword of the Common Good {protect,
                  | rC+ rN+ Int-5}
  2798 | D:4      | Reached *** piety under Trog
  3168 | D:4      | Reached XP level 7. HP: 62/71 MP: 6/6
  3338 | D:4      | Reached skill level 1 in Throwing
  3342 | D:4      | Reached skill level 5 in Fighting
  3342 | D:4      | Reached skill level 6 in Unarmed Combat
  3651 | D:3      | Killed gobodom's ghost
  3656 | D:3      | Killed xian's ghost
  3662 | D:3      | Killed zhov's ghost
  4065 | D:5      | Entered Level 5 of the Dungeon
  4166 | D:5      | Noticed Prince Ribbit
  4167 | D:5      | Reached XP level 8. HP: 81/81 MP: 7/7
  4198 | D:5      | Killed Prince Ribbit
  4199 | D:5      | Reached skill level 7 in Unarmed Combat
  4592 | D:5      | Noticed gdog's ghost (weakling GnDe)
  4658 | D:5      | Found a runed translucent door.
  4689 | D:5      | HP: 5/126 [poisoned by a gnoll sergeant]
  4691 | D:5      | Slain by a gnoll

Illustrated notes

Levels and vault maps discovered:
D:1:      eino_arrival_water_star, layout_basic
D:2:      layout_loops_corners, serial_glass, glass_columns_a, glass_columns_c,
          glass_columns_a, glass_columns_a, nicolae_ecumenical_lake_church
D:3:      layout_basic, gammafunk_ghost_cemetery, uniq_natasha, uniq_jessica
D:4:      wad_river_or_something, layout_loops_ring
D:5:      layout_loops_ring, hellmonk_ghost_happy_afterlife, uniq_prince_ribbit1

Skill      XL: |  1  2  3  4  5  6  7  8 |
---------------+-------------------------+-----
Fighting       | 3 4 5 6 |  6.4
Unarmed Combat | 4 5 6 7 |  7.7
Throwing       | 2 3 |  3.8
Dodging        | |  2.6

Action                   |  1- 3 |  4- 6 |  7- 9 || total
-------------------------+-------+-------+-------++-------
Melee: Unarmed           |   104 |   132 |    96 ||   332
       Punch             |     1 |     8 |     3 ||    12
Invok: Berserk           |       |     1 |     2 ||     3
       Trog's Hand       |       |       |     2 ||     2
 Stab: Sleeping          |     1 |     1 |       ||     2
Armor: Animal skin       |    37 |    41 |     1 ||    79
       Robe              |       |       |    20 ||    20
Dodge: Dodged            |    47 |    74 |    47 ||   168

Table legend: (Time is in decaauts)
 A = Elapsed time spent in this place.
 B = Non-inter-level travel time spent in this place.
 C = Inter-level travel time spent in this place.
 D = Time resting spent in this place.
 E = Time spent auto-exploring this place.
 F = Levels seen in this place.
 G = Mean time per level.
                   A        B        C        D        E       F      G
               +--------+--------+--------+--------+--------+-----+--------+
         Total |   4688 |   4279 |    409 |    552 |   3037 |   5 |  937.6 |
       Dungeon |   4688 |   4279 |    409 |    552 |   3037 |   5 |  937.6 |
               +--------+--------+--------+--------+--------+-----+--------+

Top non-repeatable levels by time:
     D:4: 1138 daAuts
     D:3: 1126 daAuts
     D:1: 959 daAuts
     D:2: 834 daAuts
     D:5: 629 daAuts
